 Dungeon Crawl Stone Soup version 0.30-a0-540-g0af01429fa (webtiles) character file.

Game seed: 6274567379541183665

290 bande the Trooper (level 6, 39/42 HPs)
             Began as a Gargoyle Fighter on Dec 25, 2022.
             Quit the game on level 4 of the Dungeon.
             The game lasted 00:08:05 (3427 turns).

bande the Trooper (Gargoyle Fighter)                Turns: 3427, Time: 00:08:06

Health: 39/42      AC: 16    Str: 20    XL:     6   Next: 32%
Magic:  6/6        EV:  4    Int:  8    God:
Gold:   41         SH:  9    Dex: 11    Spells: 5/5 levels left

rFire   . . .      SeeInvis .    m - +1 war axe (venom)
rCold   + . .      Faith    .    q - +1 kite shield {rC+}
rNeg    + . .      Spirit   .    p - +0 plate armour
rPois   ∞          Reflect  .    (helmet restricted)
rElec   +          Harm     .    (no cloak)
rCorr   .          Rampage  .    (no gloves)
Will    .....                    (no boots) Stlth
                                 (no amulet)
HPRegen 0.27/turn                (no ring)
MPRegen 0.10/turn                (no ring)

@: no status effects
A: sickness immunity, AC +4, negative energy resistance 1, electricity
resistance, torment resistance 1, petrification resistance, horns 2,
deterioration 1, robust 1, inability to drink after injury 1
a: no special abilities


You were on level 4 of the Dungeon.
You visited 1 branch of the dungeon, and saw 4 of its levels.

You collected 236 gold pieces.
You spent 195 gold pieces at shops.

Inventory:

Hand Weapons
 a - a +0 war axe
 m - a +1 war axe of venom (weapon)
Armour
 b - a +2 helmet
 p - a +0 plate armour (worn)
 q - a +1 kite shield of cold resistance (worn)
Wands
 n - a wand of polymorph (9)
Scrolls
 e - 2 scrolls of identify
 g - a scroll of teleportation
 h - a scroll of blinking
 j - 2 scrolls of immolation
 l - a scroll of poison
Potions
 c - a potion of berserk rage
 d - 4 potions of might
 i - 3 potions of heal wounds
 k - a potion of curing {unknown}


   Skills:
 + Level 4.3 Fighting
 + Level 4.0 Axes
 + Level 4.3 Armour
 + Level 4.1 Shields
 * Level 1.3 Evocations


You had 5 spell levels left.
You didn't know any spells.
Your spell library contained the following spells:

 Spells                   Type           Power      Damage    Failure   Level
 Static Discharge         Conj/Air       0%         2-2/arc   100%        2
 Vhi's Electric Charge    Tloc/Air       0%         N/A       100%        3
 Arcjolt                  Conj/Air       0%         1d10      100%        5
 Lightning Bolt           Conj/Air       0%         1d11      100%        5


Dungeon Overview and Level Annotations

Branches:
Dungeon (4/15)
 Temple: D:4-7

Altars:
Ashenzari
Wu Jian
Lugonu

Shops:
D:1 *!:[*   D:4 [

Portals:
Abyss: D:4


Innate Abilities, Weirdness & Mutations

You are immune to sickness and miasma.
Your stone body is resilient. (AC +4)
You are immune to poison.
You resist negative energy. (rN+)
You are resistant to electric shocks. (rElec)
You are resistant to unholy torment.
You are immune to petrification.
You have a pair of horns on your head.
Your body sometimes deteriorates upon taking damage.
You are robust. (+10% HP)
You occasionally lose the ability to drink potions when taking damage.


Message History

You finish putting on your +1 kite shield of cold resistance.
You feel resistant to cold.
You drop a +0 kite shield.
You drop a +0 war axe.
As you read the scroll labelled OFEOTY RONIAPH, it crumbles to dust.
You feel strangely unstable.
It was a scroll of teleportation.
The air fills with toxic fumes!
As you read the scroll labelled DIBOTO QENUXOB, it crumbles to dust.
It was a scroll of poison.
Okay, then.
As you read the scroll of identify, it crumbles to dust.
f - 2 potions of mutation Your surroundings suddenly seem different.
Found a chain mail and 2 scrolls of identify.
Found a stone staircase leading up.
Found a leather armour.
e - a scroll of identify
j - 3 scrolls labelled ZYCAFE KUVVUP
As you read the scroll labelled ZYCAFE KUVVUP, it crumbles to dust.
The air around you briefly surges with heat, but it dissipates.
It was a scroll of immolation.
Okay, then.
e - 2 scrolls of identify (gained 1)
You see here a +0 leather armour.
Done exploring.
Okay, then.
Really quaff the potion of mutation?
You feel extremely strange.
You feel yourself wasting away.
You feel weirdly uncertain. A pair of horns grows on your head!
Your +2 helmet falls away!
You feel agile.
There are no items here.
Really quaff the potion of mutation?
You feel extremely strange.
You feel clumsy.
You feel stable.
You occasionally lose the ability to drink potions when taking damage.
You feel robust. The horns on your head grow some more.
Okay, then.
Are you sure you want to abandon this character and quit the game? (Confirm with "yes".)

#..##.......................#.§
##.##...##......##.............
#......##......#..........)..#
##.........................(.#
#####.........###............
#........##..............
#........##..........#...
###..#...................
##.###@.........###....
###.............##....
#............###....
####...###.##..##.[.#
##..#...##...##.(...##
#......##.....##......
#......#.......#....##
###...#....._...[.).).#
#....####.......#......


There were no monsters in sight!

Vanquished Creatures
  Menkaure (D:4)
  An iguana (D:4)
  Terence (D:2)
  Robin (D:4)
  An adder (D:2)
  2 worms (D:2)
  A dart slug (D:2)
  11 bats
  9 endoplasms
  4 giant cockroaches
  22 goblins
  10 hobgoblins
  5 kobolds
  4 ball pythons
  A frilled lizard (D:2)
  7 rats
  A lurking horror (D:4)
82 creatures vanquished.

Vanquished Creatures (collateral kills)
  A goblin (D:4)
1 creature vanquished.

Vanquished Creatures (others)
  A lurking horror (D:4)
1 creature vanquished.

Grand Total: 84 creatures vanquished

Notes
Turn   | Place    | Note
-------+----------+-------------------------------------------
     0 | D:1      | bande the Gargoyle Fighter began the quest for the Orb.
     0 | D:1      | Reached XP level 1. HP: 14/14 MP: 1/1
    15 | D:1      | Found Ytze's Book Boutique.
   107 | D:1      | Reached XP level 2. HP: 17/19 MP: 2/2
   207 | D:1      | Found Hoakh's General Store.
   224 | D:1      | Found Hiceisk's Armour Shoppe.
   319 | D:1      | Found Dekononn's Distillery.
   341 | D:1      | Bought a potion of degeneration for 14 gold pieces
   360 | D:1      | Reached XP level 3. HP: 20/24 MP: 3/3
   532 | D:1      | Found Seuboes's General Store.
   730 | D:2      | Noticed Terence
   741 | D:2      | Killed Terence
   742 | D:2      | Reached XP level 4. HP: 12/29 MP: 4/4
  1621 | D:3      | Found a faded altar of an unknown god.
  1816 | D:3      | Found an ornate altar of the Wu Jian Council.
  2582 | D:4      | Found a broken altar of Ashenzari.
  2604 | D:4      | Noticed Robin
  2608 | D:4      | Reached XP level 5. HP: 33/33 MP: 5/5
  2619 | D:4      | Killed Robin
  2646 | D:4      | Noticed Menkaure
  2657 | D:4      | Killed Menkaure
  2658 | D:4      | Reached skill level 1 in Evocations
  2658 | D:4      | Reached XP level 6. HP: 8/38 MP: 6/6
  3093 | D:4      | Found a corrupted altar of Lugonu.
  3170 | D:4      | Found a one-way gate to the infinite horrors of the Abyss.
  3183 | D:4      | Found Jafeec's Armour Emporium.
  3223 | D:4      | Bought a +1 kite shield of cold resistance for 181 gold
                  | pieces
  3425 | D:4      | Gained mutation: Your body sometimes deteriorates upon
                  | taking damage. [potion of mutation]
  3425 | D:4      | Gained mutation: You are occasionally teleported next to
                  | monsters. [potion of mutation]
  3425 | D:4      | Gained mutation: You have a pair of small horns on your
                  | head. [potion of mutation]
  3425 | D:4      | Gained mutation: You are agile. (Dex +4, Str/Int -1)
                  | [potion of mutation]
  3426 | D:4      | Lost mutation: You are agile. (Dex +4, Str/Int -1) [potion
                  | of mutation]
  3426 | D:4      | Lost mutation: You are occasionally teleported next to
                  | monsters. [potion of mutation]
  3426 | D:4      | Gained mutation: You occasionally lose the ability to drink
                  | potions when taking damage. [potion of mutation]
  3426 | D:4      | Gained mutation: You are robust. (+10% HP) [potion of
                  | mutation]
  3426 | D:4      | Gained mutation: You have a pair of horns on your head.
                  | [potion of mutation]
  3427 | D:4      | Quit the game

Illustrated notes

Levels and vault maps discovered:
D:1:      tekkud_arrival_beachfront_property, layout_basic, serial_shops,
          nicolae_shop_competitors_out_of_business,
          nicolae_shop_advertising_works [nicolae_subvault_shop_adworks], shop,
          shop, shop
D:2:      layout_basic, uniq_terence
D:3:      layout_basic, pdpol_wu_jian_five_deadly_venoms,
          ebering_ecumenical_altar_webs
D:4:      layout_cave_pools, lemuel_round_altar, serial_shops,
          nicolae_diamond_shop, amcnicky_altar_lugonu_corruption, uniq_menkaure,
          uniq_robin

Skill      XL: |  1  2  3  4  5  6 |
---------------+-------------------+-----
Axes           | 2 3 4 |  4.0
Fighting       | 4 |  4.3
Armour         | 4 |  4.3
Shields        | 4 |  4.1
Evocations     | 1 |  1.3

Action                   |  1- 3 |  4- 6 || total
-------------------------+-------+-------++-------
Melee: War axe           |    88 |   109 ||   197
  Use: Scroll            |       |    10 ||    10
       Potion            |       |     2 ||     2
Armor: Scale mail        |    46 |    31 ||    77
       Plate armour      |       |    25 ||    25
Dodge: Dodged            |    47 |    32 ||    79
Block: Buckler           |    20 |    21 ||    41
       Kite shield       |       |    18 ||    18

Table legend: (Time is in decaauts)
 A = Elapsed time spent in this place.
 B = Non-inter-level travel time spent in this place.
 C = Inter-level travel time spent in this place.
 D = Time resting spent in this place.
 E = Time spent auto-exploring this place.
 F = Levels seen in this place.
 G = Mean time per level.
                   A        B        C        D        E       F      G
               +--------+--------+--------+--------+--------+-----+--------+
         Total |   3510 |   3227 |    283 |    385 |   2041 |   4 |  877.5 |
       Dungeon |   3510 |   3227 |    283 |    385 |   2041 |   4 |  877.5 |
               +--------+--------+--------+--------+--------+-----+--------+

Top non-repeatable levels by time:
     D:3: 1193 daAuts
     D:4: 870 daAuts
     D:2: 783 daAuts
     D:1: 662 daAuts
